Map: Neon Violet Square LE

Players

coldhand - Winner!

  • Race: Terran Terran
  • Spawn Location: 5:00

A.I. 1 (Easy)

  • Race: Zerg Zerg
  • Spawn Location: 11:00

VOD

Have the link to the VOD?

Description

Time

  • Played on: March 24, 2018, 3:06 a.m.
  • Length: 6:55
Show
View Real Time Build Order
Export as new Build Order

coldhand Terran - Winner!

Build Orders: Reaper Expand 

Get SALT Encoding   

  12  0:01  SCV  
  13  0:13  SCV  
  14  0:19  Supply Depot  
  14  0:26  SCV  
  15  0:31  Refinery  
  15  0:40  SCV  
  16  0:48  Barracks  
  16  0:54  SCV  
  17  1:06  Supply Depot  
  17  1:08  SCV  
  18  1:20  SCV  
  19  1:34  Orbital Command  
  19  1:35  Reaper  
  20  1:58  Command Center  
  20  2:03  SCV  
  21  2:14  Barracks Reactor  
  21  2:15  SCV  
  22  2:24  Barracks  
  22  2:28  Factory  
  22  2:30  Refinery  
  22  2:31  SCV  
  23  2:43  SCV  
  23  2:54  Marine x2  
  23  2:55  SCV  
  26  3:07  SCV  
  26  3:11  Marine  
  26  3:12  Marine, Orbital Command  
  29  3:17  Starport  
  29  3:19  SCV, Factory Reactor  
  30  3:20  Barracks Tech Lab  
  30  3:29  Marine  
  30  3:31  SCV  
  30  3:32  Marine  
  33  3:38  Supply Depot  
  33  3:40  Stimpack  
  33  3:42  SCV  
  33  3:44  SCV  
  33  3:46  Marine  
  36  3:48  Marine  
  36  3:53  Marine  
  36  3:54  SCV  
  39  3:57  SCV  
  40  4:06  SCV, Supply Depot  
  40  4:07  Marine  
  40  4:09  SCV  
  43  4:10  Medivac x2  
  43  4:13  Marine  
  48  4:23  SCV x2  
  50  4:24  Marine  
  50  4:26  Marine  
  50  4:28  Factory Tech Lab  
  52  4:35  Barracks x2  
  52  4:37  SCV  
  52  4:38  Marine, SCV  
  54  4:42  Marine  
  56  4:50  Marine, SCV x2  
  59  4:56  Marine  
  60  5:00  Marine  
  60  5:02  SCV  
  60  5:03  Supply Depot  
  62  5:17  Supply Depot  
  62  5:18  Supply Depot  
  62  5:24  Marine x2, Barracks Reactor, SCV x2  
  62  5:26  Barracks Tech Lab  
  66  5:30  Marine  
  66  5:31  Siege Tank  
  70  5:38  Medivac x2, SCV x2  
  72  5:55  SCV x2  
  72  5:57  Marine x4  
  76  6:08  SCV  
  76  6:09  SCV  
  78  6:14  Marine  
  78  6:16  Marine x5  
  84  6:20  Siege Tank  
  87  6:31  Supply Depot, Engineering Bay  
  87  6:32  Marine, Supply Depot, Engineering Bay  
  86  6:33  Marine, Supply Depot  
  86  6:34  Marine x4  
  92  6:46  Command Center  
Show
View Real Time Build Order
Export as new Build Order

A.I. 1 (Easy) Zerg 

Build Orders: Pool Only 

Get SALT Encoding   

  12  0:01  Drone  
  13  0:13  Overlord  
  13  0:18  Drone  
  14  0:31  Drone  
  14  0:35  Drone  
  16  0:42  Spawning Pool  
  16  0:45  Drone  
  16  0:49  Extractor  
  15  0:51  Drone  
  16  1:00  Overlord  
  16  1:29  Zergling x2  
  16  1:32  Queen  
  19  1:33  Roach Warren  
  19  1:34  Extractor  
  19  1:37  Drone  
  18  1:42  Drone  
  19  1:56  Zergling x2  
  20  2:08  Overlord  
  20  2:22  Roach  
  22  2:37  Drone  
  23  2:42  Drone  
  24  2:49  Roach  
  26  2:53  Overlord  
  26  2:58  Drone  
  26  3:03  Drone  
  28  3:07  Drone  
  28  3:11  Drone  
  30  3:15  Roach  
  32  3:42  Roach  
  34  4:08  Roach  
  36  5:45  Zergling x2  
  36  5:47  Queen  
  25  5:58  Drone  
  25  6:02  Drone  
  16  6:06  Drone  
  16  6:11  Drone  
  12  6:12  Zergling x2  
  12  6:15  Drone  
  13  6:19  Drone  
  13  6:24  Drone  
  14  6:28  Drone  
  16  6:32  Drone  
  16  6:37  Drone  
  13  6:41  Drone, Roach Warren  
Tags
 
Add a new tag
Caveats
  • Supply blocks, unpowered buildings, or Contaminate may cause inaccurate times.
  • Supply counts are checked every 10 seconds.